 Dungeon Sprint DCSS version 0.28-a0-932-g843f935a50 (webtiles) character file.

Game seed: 9749940457533869615

3741 emperorscorpion the Thaumaturge (level 10, 0/73 HPs)
             Began as a Djinni Air Elementalist on Nov 27, 2021.
             Was a High Priest of Makhleb.
             Slain by a komodo dragon (27 damage)
             ... in the Dungeon (Sprint IX: "|||||||||||||||||||||||||||||").
             The game lasted 00:05:42 (823 turns).

emperorscorpion the Thaumaturge (DjAE)               Turns: 823, Time: 00:05:42

Health: 0/73       AC: 14    Str:  8    XL:     10   Next: 37%
Gold:   0          EV:  6    Int: 25    God:    Makhleb [*****.] SH:  0 Dex: 16

rFire   + + .      SeeInvis .   t - +6 scimitar of the Final Mouths {vorpal, Int+2}
rCold   x . .      Faith    .   (no shield)
rNeg    . . .      Spirit   .   n - +1 chain mail
rPois   ∞          Reflect  .   m - +0 helmet
rElec   .          Harm     .   (no cloak)
rCorr   .          Rampage  .   l - +0 pair of gloves
Will    +....      NoTele   +   (boots unavailable)
Stlth   ..........              (no amulet)
HPRegen 0.22/turn               o - +3 ring of intelligence
MPRegen 0.00/turn               p - +3 ring of intelligence

@: flying
A: sickness immunity, fire resistance 2, cold vulnerability 1, float, innate
caster, hp casting, extra vitality 1
a: Renounce Religion, Minor Destruction, Lesser Servant of Makhleb, Major
Destruction, Greater Servant of Makhleb


You were in the Dungeon.
You worshipped Makhleb.
Makhleb was extremely pleased with you.
You visited 1 branch

Inventory:

Hand Weapons
 g - a +0 dagger
 j - a +2 halberd of venom
 k - a +2 morningstar of protection
 t - the +6 scimitar of the Final Mouths (weapon) {vorpal, Int+2}
   (You found it in the Dungeon)

   It inflicts extra damage upon your enemies.
   Int:       It affects your intelligence (+2).
Missiles
 q - 12 poisoned darts
Armour
 a - a +0 robe
 l - a +0 pair of gloves (worn)
 m - a +0 helmet (worn)
 n - a +1 chain mail (worn)
 r - a +0 troll leather armour
Jewellery
 o - a +3 ring of intelligence (left hand)
 p - a +3 ring of intelligence (right hand)
Wands
 i - a wand of iceblast (6)
Scrolls
 f - a scroll of blinking
 u - a scroll of fog
 v - 2 scrolls of enchant armour
 w - 3 scrolls of fear
Potions
 b - 6 potions of curing
 c - 7 potions of heal wounds
 d - a potion of haste
 e - 2 potions of berserk rage
 h - a potion of invisibility
 s - a potion of might


   Skills:
 * Level 6.4 Fighting
 + Level 7.9 Armour
 + Level 8.6 Dodging
 - Level 2.3 Stealth
 + Level 13.9 Spellcasting
 * Level 6.8 Invocations
 + Level 2.9 Evocations


You had 16 spell levels left.
You knew the following spells:

 Your Spells              Type           Power      Damage    Failure   Level
a - Shock                 Conj/Air       100%       1d9       1%          1
b - Static Discharge      Conj/Air       72%        N/A       1%          2
c - Swiftness             Air            72%        N/A       2%          3
d - Airstrike             Air            36%        N/A       9%          4
e - Freeze                Ice            100%       1d11      1%          1
f - Scorch                Fire           100%       2d10      1%          2
g - Lesser Beckoning      Tloc           72%        N/A       2%          3
h - Olgreb's Toxic Radia  Pois           72%        N/A       9%          4
Your spell library was empty.

Dungeon Overview and Level Annotations

Branches:
Dungeon (1/1)

Altars:
Cheibriados
Dithmenos
Elyvilon
Fedhas
Gozag
Hepliaklqana
Kikubaaqudgha
Makhleb
Nemelex Xobeh
Okawaru
Qazlal
Ru
Sif Muna
Trog
Uskayaw
Vehumet
Wu Jian
Xom
Yredelemnul
Zin
The Shining One
Beogh
Jiyva
Lugonu


Innate Abilities, Weirdness & Mutations

You are immune to sickness and miasma.
You are immune to poison.
Your flesh is very heat resistant. (rF++)
You are vulnerable to cold. (rC-)
You float through the air rather than walking.
You learn spells naturally, not from books.
Your magical power is your life essence.
You have superior vitality. (+4 HP)


Message History

Press: ? - help, Shift-Dir - straight line, f/p - water moccasin
Aim: a water moccasin (almost dead, 57% to hit)
The zap hits the water moccasin!
You kill the water moccasin!
Makhleb accepts your kill.
You feel better.
The zap hits the cane toad.
The cane toad is heavily wounded.
The zap hits the komodo dragon but does no damage.
The komodo dragon is severely wounded.
The zap misses the bullfrog.
Unknown command.
Casting: Shock (safe; 1% risk of failure)
Confirm with . or Enter, or press ? or * to list all spells.
Aiming: Shock (safe; 1% risk of failure)
Press: ? - help, Shift-Dir - straight line, f - cane toad
Aim: a cane toad (heavily wounded, 77% to hit)
The zap hits the cane toad.
The cane toad is severely wounded.
The zap misses the komodo dragon.
The zap hits the bullfrog!
The bullfrog is almost dead.
The cane toad stings you!
Casting: Shock (safe; 1% risk of failure)
Confirm with . or Enter, or press ? or * to list all spells.
The cane toad is struck by an arc of lightning.
The cane toad is almost dead.
The lightning grounds out.
The bullfrog looks more healthy.
The cane toad stings you!!
The cane toad stings you but does no damage.
Unknown command.
Casting: Static Discharge (safe; 1% risk of failure)
Confirm with . or Enter, or press ? or * to list all spells.
The cane toad is struck by an arc of lightning!
You kill the cane toad!
Makhleb accepts your kill.
You can now summon a greater servant of Makhleb.
You feel better.
The komodo dragon is struck by an arc of lightning.
The komodo dragon is almost dead.
The lightning grounds out.
The komodo dragon bites you!!
You die...

▓▓▓▓▓▓▓▓▓▓▓▓▓▓▓▓▓▓▓▓▓▓▓▓
...'.....[.(....@lF.†...
▓▓▓▓▓▓▓▓▓▓▓▓▓▓▓▓▓▓▓▓▓▓▓▓▓▓▓▓▓▓▓▓▓
.................................
▓▓▓▓▓▓▓▓▓▓▓▓▓▓▓▓▓▓▓▓▓▓▓▓▓▓▓▓▓▓▓▓▓
'.††..÷.)...'____________________
▓▓▓▓▓▓▓▓▓▓▓▓▓▓▓▓▓▓▓▓▓▓▓▓▓▓▓▓▓▓▓▓▓


You could see a komodo dragon (very poisoned) and a bullfrog.

Vanquished Creatures
  A two-headed ogre (D)
  A deep elf pyromancer (D)
  3 cyclopes (D)
  A cane toad (D)
  An unseen horror (D)
  A komodo dragon (D)
  A troll (D)
  2 yaks (D)
  A steam dragon (D)
  2 water moccasins (D)
  A wolf (D)
  2 kobold brigands (D)
  A bullfrog (D)
  An iguana (D)
  An orc wizard (D)
  An adder (D)
  An adder skeleton (D)
  A dart slug (D)
  A bat (D)
  A bat skeleton (D)
  A bat zombie (D)
  A ball python (D)
  A frilled lizard (D)
  A kobold (D)
29 creatures vanquished.

Notes
Turn   | Place    | Note
-------+----------+-------------------------------------------
     0 | D        | emperorscorpion the Djinni Air Elementalist began the quest
                  | for the Orb.
     0 | D        | Reached XP level 1. HP: 15/15 MP: 0/0
     5 | D        | Reached skill level 3 in Spellcasting
     8 | D        | Reached XP level 2. HP: 8/21 MP: 0/0
    38 | D        | Banished a spatial maelstrom
   187 | D        | Reached skill level 5 in Spellcasting
   187 | D        | Reached XP level 3. HP: 17/25 MP: 0/0
   187 | D        | Learned a level 1 spell: Freeze
   188 | D        | Reached skill level 1 in Armour
   188 | D        | Reached XP level 4. HP: 20/31 MP: 0/0
   196 | D        | Found a snail-covered altar of Cheibriados.
   196 | D        | Found a shadowy altar of Dithmenos.
   196 | D        | Found a white marble altar of Elyvilon.
   196 | D        | Found a blossoming altar of Fedhas.
   196 | D        | Found an opulent altar of Gozag.
   197 | D        | Found a hazy altar of Hepliaklqana.
   198 | D        | Found a viscous altar of Jiyva.
   200 | D        | Found a corrupted altar of Lugonu.
   201 | D        | Found a burning altar of Makhleb.
   202 | D        | Found a sparkling altar of Nemelex Xobeh.
   203 | D        | Found an iron altar of Okawaru.
   204 | D        | Found a stormy altar of Qazlal.
   205 | D        | Found a sacrificial altar of Ru.
   207 | D        | Found a bloodstained altar of Trog.
   208 | D        | Found a hide-covered altar of Uskayaw.
   209 | D        | Became a worshipper of Makhleb the Destroyer
   211 | D        | Found an ornate altar of the Wu Jian Council.
   212 | D        | Found a shimmering altar of Xom.
   213 | D        | Found a basalt altar of Yredelemnul.
   214 | D        | Found a glowing silver altar of Zin.
   215 | D        | Found a glowing golden altar of the Shining One.
   389 | D        | Noticed a kobold brigand
   389 | D        | Noticed a two-headed ogre
   389 | D        | Noticed a yak
   389 | D        | Noticed a steam dragon
   389 | D        | Noticed a kobold brigand
   412 | D        | Killed a kobold brigand
   413 | D        | Reached skill level 7 in Spellcasting
   413 | D        | Reached XP level 5. HP: 28/35 MP: 0/0
   413 | D        | Learned a level 2 spell: Scorch
   418 | D        | Killed a two-headed ogre
   418 | D        | Reached * piety under Makhleb
   419 | D        | Reached skill level 10 in Spellcasting
   419 | D        | Reached skill level 1 in Evocations
   419 | D        | Reached XP level 6. HP: 30/40 MP: 0/0
   419 | D        | Reached XP level 7. HP: 34/45 MP: 0/0
   419 | D        | Learned a level 3 spell: Lesser Beckoning
   419 | D        | Reached XP level 8. HP: 38/50 MP: 0/0
   451 | D        | Killed a yak
   452 | D        | Reached skill level 1 in Invocations
   498 | D        | Reached skill level 11 in Spellcasting
   546 | D        | Reached ** piety under Makhleb
   598 | D        | Noticed a deep elf pyromancer
   598 | D        | Noticed a cyclops
   598 | D        | Noticed a cyclops
   598 | D        | Noticed a cyclops
   598 | D        | Noticed a troll
   605 | D        | Noticed a fire elemental
   607 | D        | Killed a cyclops
   608 | D        | Reached XP level 9. HP: 33/59 MP: 0/0
   608 | D        | Learned a level 4 spell: Olgreb's Toxic Radiance
   609 | D        | Killed an unseen horror
   609 | D        | Killed a cyclops
   609 | D        | Killed a deep elf pyromancer
   609 | D        | Reached *** piety under Makhleb
   610 | D        | Reached skill level 5 in Fighting
   610 | D        | Reached skill level 13 in Spellcasting
   610 | D        | Reached skill level 5 in Invocations
   610 | D        | Killed a cyclops
   610 | D        | Killed a troll
   611 | D        | Reached XP level 10. HP: 51/72 MP: 0/0
   795 | D        | Got the +6 scimitar of the Final Mouths {vorpal, Int+2}
   808 | D        | Noticed a cane toad
   808 | D        | Noticed a komodo dragon
   812 | D        | Reached **** piety under Makhleb
   813 | D        | Noticed a komodo dragon
   816 | D        | Killed a komodo dragon
   823 | D        | Killed a cane toad
   823 | D        | Reached ***** piety under Makhleb
   823 | D        | Slain by a komodo dragon

Illustrated notes

Levels and vault maps discovered:
D:        linesprint [early_d, line_temple, items_1, d_10, items_2, lair_1,
          lair_end, items_3, orc_1, orc_end, items_4, d_15, swamp_1, shoals_1,
          snake_1, spider_1, d_20, vaults_1, items_5, swamp_end, shoals_end,
          snake_end, spider_end, vaults_end, d_27, items_6, zot_1, zot_end,
          crypt_end, forest_end, elf_end, slime_end, tomb_end, abyss_end,
          pan_hell_end]

Skill      XL: |  1  2  3  4  5  6  7  8  9 10 |
---------------+-------------------------------+-----
Spellcasting   | 3 5 7 10 11 13 | 13.9
Dodging        | 3 4 6 7 8 |  8.6
Stealth        | 2 |  2.3
Armour         | 1 3 6 7 |  7.9
Evocations     | 1 2 |  2.9
Invocations    | 3 6 |  6.8
Fighting       | 2 5 6 |  6.4

Action                   |  1- 3 |  4- 6 |  7- 9 | 10-12 || total
-------------------------+-------+-------+-------+-------++-------
 Cast: Shock             |    10 |     5 |    14 |    11 ||    40
       Static Discharge  |       |     2 |       |     2 ||     4
       Swiftness         |       |     1 |       |       ||     1
       Scorch            |       |       |     7 |       ||     7
       Olgreb's Toxic Ra |       |       |     1 |     2 ||     3
Evoke: Wand              |       |     4 |       |       ||     4
  Use: Scroll            |       |     1 |       |       ||     1
Armor: Robe              |       |     8 |       |       ||     8
       Chain mail        |       |       |    10 |     6 ||    16
Dodge: Dodged            |     7 |    20 |     2 |     3 ||    32

Table legend: (Time is in decaauts)
 A = Elapsed time spent in this place.
 B = Non-inter-level travel time spent in this place.
 C = Inter-level travel time spent in this place.
 D = Time resting spent in this place.
 E = Time spent auto-exploring this place.
 F = Levels seen in this place.
 G = Mean time per level.
                   A        B        C        D        E       F      G
               +--------+--------+--------+--------+--------+-----+--------+
         Total |    818 |    818 |      0 |    374 |    115 |   1 |  818.0 |
       Dungeon |    818 |    818 |      0 |    374 |    115 |   1 |  818.0 |
               +--------+--------+--------+--------+--------+-----+--------+

Top non-repeatable levels by time:
       D: 818 daAuts
